% Time on Ice - VANCOUVER VOODOO
Lines # - Real PCT - Wanted PCT - Time Play
Normal Forward
1 - 30% - 33% - 16:20
2 - 29% - 32% - 15:52
3 - 22% - 26% - 12:05
4 - 18% - 9% - 9:46
Normal Defense
1 - 38% - 36% - 20:21
2 - 35% - 35% - 18:43
3 - 26% - 29% - 13:55
4 - 2% - 0% - 1:04
PP Forward
1 - 0% - 53%
2 - 0% - 47%
PP Defense
1 - 0% - 53%
2 - 0% - 47%
PK Forward
1 - 52% - 53% - 3:05
2 - 48% - 47% - 2:52
PK Defense
1 - 45% - 53% - 2:41
2 - 55% - 47% - 3:16
PK3 Forward
1 - 0% - 55%
2 - 0% - 45%
PK3 Defense
1 - 0% - 52%
2 - 0% - 48%
44 Forward
1 - 0% - 51%
2 - 0% - 49%
44 Defense
1 - 0% - 52%
2 - 0% - 48%
Last Minute Offensive  - 0:00
Last Minute Defensive  - 0:00
Total
Forward - 60:00
Defense - 60:00
% Time on Ice - SACRAMENTO BANDITS
Lines # - Real PCT - Wanted PCT - Time Play
Normal Forward
1 - 33% - 36% - 18:01
2 - 33% - 31% - 17:53
3 - 26% - 23% - 13:51
4 - 8% - 10% - 4:18
Normal Defense
1 - 33% - 36% - 17:48
2 - 35% - 31% - 18:42
3 - 28% - 23% - 15:12
4 - 4% - 10% - 2:21
PP Forward
1 - 57% - 55% - 3:24
2 - 43% - 45% - 2:33
PP Defense
1 - 57% - 55% - 3:23
2 - 43% - 45% - 2:34
PK Forward
1 - 0% - 55%
2 - 0% - 45%
PK Defense
1 - 0% - 55%
2 - 0% - 45%
PK3 Forward
1 - 0% - 55%
2 - 0% - 45%
PK3 Defense
1 - 0% - 55%
2 - 0% - 45%
44 Forward
1 - 0% - 55%
2 - 0% - 45%
44 Defense
1 - 0% - 55%
2 - 0% - 45%
Last Minute Offensive  - 0:00
Last Minute Defensive  - 0:00
Total
Forward - 60:00
Defense - 60:00
Play-by-Play 1st period 0:01 of 1st period - Nico Hischier wins face-off versus Christian Dvorak in neutral zone. 0:24 of 1st period - Shot by Conor Garland. 0:24 of 1st period - Stopped by Marc-Andre Fleury without a rebound. 0:25 of 1st period - Cole Sillinger wins face-off versus Patrick Kane in SACRAMENTO BANDITS zone. 0:50 of 1st period - Off-side. 0:51 of 1st period - Radek Faksa wins face-off versus Eetu Luostarinen in neutral zone. 1:15 of 1st period - Eetu Luostarinen is hit by Logan Stanley. 1:21 of 1st period - Shot by Eetu Luostarinen. 1:21 of 1st period - Shot Hit the Post. 1:29 of 1st period - Shot by Radek Faksa. 1:29 of 1st period - Shot Blocked by Brendan Smith. 1:39 of 1st period - Nicolas Hague is hit by Christian Fischer and loses puck. 2:43 of 1st period - Shot by Christian Dvorak. 2:43 of 1st period - Stopped by Marc-Andre Fleury without a rebound. 2:44 of 1st period - Cole Sillinger wins face-off versus Mark Scheifele in SACRAMENTO BANDITS zone. 2:55 of 1st period - Shot by Nicolas Roy. 2:55 of 1st period - Shot Misses the Net. 2:57 of 1st period - Shot by Josh Anderson. 2:57 of 1st period - Stopped by Marc-Andre Fleury without a rebound. 2:58 of 1st period - Nico Hischier wins face-off versus Christian Dvorak in SACRAMENTO BANDITS zone. 2:58 of 1st period - Nico Hischier is hit by Jonathan Drouin. 3:33 of 1st period - Icing by Marc-Edouard Vlasic. 3:34 of 1st period - Cole Sillinger wins face-off versus Nico Hischier in SACRAMENTO BANDITS zone. 4:42 of 1st period - Shot by Marcus Johansson. 4:42 of 1st period - Stopped by Filip Gustavsson without a rebound. 4:43 of 1st period - Radek Faksa wins face-off versus Nico Hischier in VANCOUVER VOODOO zone. 4:50 of 1st period - Shot by Danil Gushchin. 4:50 of 1st period - Deflect By Nico Hischier. 4:50 of 1st period - Stopped by Filip Gustavsson without a rebound. 4:51 of 1st period - Radek Faksa wins face-off versus Eetu Luostarinen in VANCOUVER VOODOO zone. 5:43 of 1st period - Shot by Jonathan Drouin. 5:43 of 1st period - Stopped by Marc-Andre Fleury without a rebound. 5:44 of 1st period - Christian Dvorak wins face-off versus Nico Hischier in SACRAMENTO BANDITS zone. 5:55 of 1st period - Shot by Jonathan Drouin. 5:55 of 1st period - Shot Blocked by Nico Hischier. 6:10 of 1st period - Shot by David Perron. 6:10 of 1st period - Stopped by Filip Gustavsson with a rebound. 6:18 of 1st period - Shot by Blake Wheeler. 6:18 of 1st period - Shot Blocked by Jonathan Drouin. 6:43 of 1st period - Icing by Brent Burns. 6:44 of 1st period - Cole Sillinger wins face-off versus Nico Hischier in SACRAMENTO BANDITS zone. 6:53 of 1st period - Nicolas Roy is hit by David Perron and loses puck. 7:03 of 1st period - Icing by Nicolas Roy. 7:04 of 1st period - Mark Scheifele wins face-off versus Josh Anderson in VANCOUVER VOODOO zone. 7:31 of 1st period - Shot by Mark Scheifele. 7:31 of 1st period - Stopped by Filip Gustavsson without a rebound. 7:32 of 1st period - Radek Faksa wins face-off versus Eetu Luostarinen in VANCOUVER VOODOO zone. 7:50 of 1st period - Shot by Eetu Luostarinen. 7:50 of 1st period - Shot Blocked by Callan Foote. 8:10 of 1st period - Shot by Eetu Luostarinen. 8:10 of 1st period - Shot Blocked by Callan Foote. 8:12 of 1st period - Shot by Christian Fischer. 8:12 of 1st period - Shot Misses the Net. 8:57 of 1st period - Shot by Mark Scheifele. 8:57 of 1st period - Goal by Mark Scheifele - VANCOUVER VOODOO : 0 - SACRAMENTO BANDITS : 1. 8:58 of 1st period - Christian Dvorak wins face-off versus Danil Gushchin in neutral zone. 9:05 of 1st period - Shot by Brent Burns. 9:05 of 1st period - Shot Misses the Net. 9:18 of 1st period - Icing by Braden Schneider. 9:19 of 1st period - Christian Dvorak wins face-off versus Eetu Luostarinen in VANCOUVER VOODOO zone. 9:19 of 1st period - Jonathan Drouin is hit by Christian Fischer and loses puck. 9:38 of 1st period - Eetu Luostarinen is hit by Christian Dvorak and loses puck. 10:21 of 1st period - Shot by Cole Sillinger. 10:21 of 1st period - Shot Blocked by Brent Burns. 10:23 of 1st period - Shot by Nicolas Hague. 10:23 of 1st period - Shot Misses the Net. 10:25 of 1st period - Shot by Nicolas Roy. 10:25 of 1st period - Stopped by Marc-Andre Fleury with a rebound. 10:27 of 1st period - Shot by Josh Anderson. 10:27 of 1st period - Stopped by Marc-Andre Fleury without a rebound. 10:28 of 1st period - Mark Scheifele wins face-off versus Joshua Norris in SACRAMENTO BANDITS zone. 10:37 of 1st period - Shot by Marcus Johansson. 10:37 of 1st period - Stopped by Filip Gustavsson without a rebound. 10:38 of 1st period - Nico Hischier wins face-off versus Cole Sillinger in VANCOUVER VOODOO zone. 10:42 of 1st period - Icing by Jordan Harris. 10:43 of 1st period - Cole Sillinger wins face-off versus Nico Hischier in VANCOUVER VOODOO zone. 11:14 of 1st period - Shot by Nico Hischier. 11:14 of 1st period - Shot Blocked by Jordan Harris. 11:16 of 1st period - Shot by Brent Burns. 11:16 of 1st period - Goal by Brent Burns - VANCOUVER VOODOO : 0 - SACRAMENTO BANDITS : 2. 11:17 of 1st period - Joshua Norris wins face-off versus Marcus Johansson in neutral zone. 11:26 of 1st period - Shot by Mark Scheifele. 11:26 of 1st period - Stopped by Filip Gustavsson with a rebound. 11:40 of 1st period - Shot by Marcus Johansson. 11:40 of 1st period - Stopped by Filip Gustavsson without a rebound. 11:41 of 1st period - Nico Hischier wins face-off versus Jonathan Drouin in VANCOUVER VOODOO zone. 11:52 of 1st period - Shot by Nico Hischier. 11:52 of 1st period - Stopped by Filip Gustavsson without a rebound. 11:53 of 1st period - Mark Scheifele wins face-off versus Cole Sillinger in VANCOUVER VOODOO zone. 12:08 of 1st period - Off-side. 12:09 of 1st period - Nico Hischier wins face-off versus Radek Faksa in neutral zone. 12:15 of 1st period - David Perron is hit by Braden Schneider and loses puck. 12:18 of 1st period - Shot by Nico Hischier. 12:18 of 1st period - Shot Blocked by Radek Faksa. 12:44 of 1st period - Shot by David Perron. 12:44 of 1st period - Stopped by Filip Gustavsson without a rebound. 12:45 of 1st period - Christian Dvorak wins face-off versus Mark Scheifele in VANCOUVER VOODOO zone. 12:45 of 1st period - Conor Garland is hit by Mark Scheifele and loses puck. 12:56 of 1st period - Jonathan Drouin is hit by Marc-Edouard Vlasic. 13:41 of 1st period - Nicolas Hague is hit by Mark Scheifele and loses puck. 14:36 of 1st period - Calen Addison is hit by David Perron and loses puck. 15:35 of 1st period - Shot by Alex Newhook. 15:35 of 1st period - Deflect By Josh Bailey. 15:35 of 1st period - Stopped by Marc-Andre Fleury without a rebound. 15:36 of 1st period - Joshua Norris wins face-off versus Eetu Luostarinen in SACRAMENTO BANDITS zone. 15:45 of 1st period - Shot by Max Pacioretty. 15:45 of 1st period - Shot Blocked by Brendan Smith. 16:29 of 1st period - Shot by Alex Newhook. 16:29 of 1st period - Shot Misses the Net. 16:31 of 1st period - Shot by Nicolas Hague. 16:31 of 1st period - Shot Misses the Net. 17:17 of 1st period - Conor Garland is hit by Dominik Kubalik and loses puck. 17:41 of 1st period - Icing by Christian Dvorak. 17:42 of 1st period - Christian Dvorak wins face-off versus Mark Scheifele in VANCOUVER VOODOO zone. 17:42 of 1st period - Christian Dvorak is hit by Mark Scheifele. 18:04 of 1st period - Icing by Braden Schneider. 18:05 of 1st period - Christian Dvorak wins face-off versus Nico Hischier in VANCOUVER VOODOO zone. 18:28 of 1st period - Off-side. 18:29 of 1st period - Mark Scheifele wins face-off versus Radek Faksa in neutral zone. 18:33 of 1st period - Off-side. 18:34 of 1st period - Cole Sillinger wins face-off versus Mark Scheifele in neutral zone. 18:41 of 1st period - Shot by Nicolas Roy. 18:41 of 1st period - Stopped by Marc-Andre Fleury without a rebound. 18:42 of 1st period - Nico Hischier wins face-off versus Cole Sillinger in SACRAMENTO BANDITS zone. 18:42 of 1st period - Nico Hischier is hit by Nicolas Roy. 18:50 of 1st period - Shot by Blake Wheeler. 18:50 of 1st period - Deflect By David Perron. 18:50 of 1st period - Shot Misses the Net. 19:02 of 1st period - Shot by Josh Anderson. 19:02 of 1st period - Shot Blocked by Dante Fabbro. 19:22 of 1st period - Shot by Nicolas Roy. 19:22 of 1st period - Stopped by Marc-Andre Fleury without a rebound. 19:23 of 1st period - Mark Scheifele wins face-off versus Radek Faksa in SACRAMENTO BANDITS zone. 19:30 of 1st period - Shot by Patrick Kane. 19:30 of 1st period - Shot Blocked by Nicolas Hague. Goals for this period are 0 for VANCOUVER VOODOO vs 2 for SACRAMENTO BANDITS. Shots for this period are 9 for VANCOUVER VOODOO vs 11 for SACRAMENTO BANDITS. 2nd period 0:01 of 2nd period - Nico Hischier wins face-off versus Cole Sillinger in neutral zone. 0:12 of 2nd period - Shot by Nico Hischier. 0:12 of 2nd period - Stopped by Filip Gustavsson without a rebound. 0:13 of 2nd period - Mark Scheifele wins face-off versus Christian Dvorak in VANCOUVER VOODOO zone. 0:16 of 2nd period - Shot by Mark Scheifele. 0:16 of 2nd period - Stopped by Filip Gustavsson without a rebound. 0:17 of 2nd period - Nico Hischier wins face-off versus Cole Sillinger in VANCOUVER VOODOO zone. 0:36 of 2nd period - Shot by Nico Hischier. 0:36 of 2nd period - Stopped by Filip Gustavsson with a rebound. 0:52 of 2nd period - Shot by Nicolas Roy. 0:52 of 2nd period - Shot Misses the Net. 0:56 of 2nd period - Shot by Cole Sillinger. 0:56 of 2nd period - Shot Misses the Net. 1:49 of 2nd period - Shot by Mark Scheifele. 1:49 of 2nd period - Deflect By Patrick Kane. 1:49 of 2nd period - Shot Blocked by Jordan Harris. 1:51 of 2nd period - Shot by Janis Moser. 1:51 of 2nd period - Shot Blocked by Jordan Harris. 1:53 of 2nd period - Shot by Janis Moser. 1:53 of 2nd period - Shot Misses the Net. 1:55 of 2nd period - Shot by Janis Moser. 1:55 of 2nd period - Shot Blocked by Jordan Harris. 1:57 of 2nd period - Shot by Marcus Johansson. 1:57 of 2nd period - Shot Misses the Net. 2:44 of 2nd period - Shot by Jonathan Huberdeau. 2:44 of 2nd period - Shot Misses the Net. 3:16 of 2nd period - Shot by Dominik Kubalik. 3:16 of 2nd period - Stopped by Filip Gustavsson without a rebound. 3:17 of 2nd period - Radek Faksa wins face-off versus Mark Scheifele in VANCOUVER VOODOO zone. 3:40 of 2nd period - Shot by Mark Scheifele. 3:40 of 2nd period - Shot Blocked by Logan Stanley. 3:46 of 2nd period - Josh Bailey is hit by Mark Scheifele and loses puck. 4:09 of 2nd period - Patrick Kane is hit by Josh Bailey and loses puck. 4:21 of 2nd period - Patrick Kane is hit by Nicolas Roy and loses puck. 4:31 of 2nd period - Icing by Braden Schneider. 4:32 of 2nd period - Nico Hischier wins face-off versus Cole Sillinger in VANCOUVER VOODOO zone. 4:43 of 2nd period - Shot by Blake Wheeler. 4:43 of 2nd period - Shot Misses the Net. 5:02 of 2nd period - Nico Hischier is hit by Calen Addison and loses puck. 5:14 of 2nd period - Icing by Braden Schneider. 5: